 Dungeon Crawl Stone Soup version 0.29-a0-90-gc37658a0fe (webtiles) character file.

Game seed: 2570968707411321839

11 lordive the Grasshopper (level 2, 0/29 HPs)
             Began as an Ogre Warper on Feb 6, 2022.
             Slain by a goblin (3 damage)
             ... on level 1 of the Dungeon.
             The game lasted 00:00:27 (590 turns).

lordive the Grasshopper (Ogre Warper)                Turns: 590, Time: 00:00:27

Health: 0/29       AC:  3    Str: 14    XL:     2   Next: 25%
Magic:  5/5        EV:  9    Int: 14    God:
Gold:   0          SH:  0    Dex:  8    Spells: 6/6 levels left

rFire   . . .      SeeInvis .   a - +0 mace
rCold   . . .      Faith    .   (no shield)
rNeg    . . .      Spirit   .   b - +0 robe
rPois   .          Reflect  .   (helmet restricted)
rElec   .          Harm     .   (no cloak)
rCorr   .          Rampage  .   (gloves unavailable)
Will    .....                   (boots unavailable)
Stlth   +.........              (no amulet)
HPRegen 0.09/turn               (no ring)
MPRegen 0.09/turn               (no ring)

@: no status effects
A: large, unfitting armour, tough skin 1
a: no special abilities


You were on level 1 of the Dungeon.
You visited 1 branch of the dungeon, and saw 1 of its levels.

Inventory:

Hand Weapons
 a - a +0 mace (weapon)
Missiles
 d - 5 boomerangs of dispersal (quivered)
Armour
 b - a +0 robe (worn)
Scrolls
 c - a scroll of blinking
 e - a scroll of immolation {unknown}
Potions
 f - a potion of magic {unknown}


   Skills:
 + Level 2.9 Fighting
 + Level 1.9 Maces & Flails
 - Level 1.0 Throwing
 + Level 2.1 Dodging
 + Level 0.2 Stealth
 + Level 2.5 Spellcasting
 * Level 3.0 Translocations


You had 6 spell levels left.
You didn't know any spells.
Your spell library contained the following spells:

 Spells                   Type           Power      Damage    Failure   Level
 Blink                    Tloc           20%        N/A       10%         2
 Gell's Gravitas          Tloc           10%        N/A       21%         3
 Lesser Beckoning         Tloc           10%        N/A       21%         3
 Teleport Other           Tloc           10%        N/A       21%         3
 Manifold Assault         Tloc           10%        N/A       88%         5


Dungeon Overview and Level Annotations

Branches:
Dungeon (1/15)

Altars:


Innate Abilities, Weirdness & Mutations

You are too large for most types of armour.
You have tough skin. (AC +1)


Message History

The quokka barely misses you. The goblin hits you with a +0 club.
You are too injured to fight recklessly!
You are too injured to fight recklessly!
You are too injured to fight recklessly!
Unknown command.
The hobgoblin hits you but does no damage.
The hobgoblin barely misses you. The goblin barely misses you.
You barely miss the hobgoblin.
The hobgoblin hits you but does no damage.
You barely miss the hobgoblin. The hobgoblin hits you.
You barely miss the hobgoblin.
The hobgoblin hits you but does no damage.
The hobgoblin barely misses you.
You closely miss the hobgoblin.
The hobgoblin hits you but does no damage.
You sock the hobgoblin!
You kill the hobgoblin!
The quokka bites you.
You hit the quokka.
The quokka is heavily wounded.
The quokka bites you.
* * * LOW HITPOINT WARNING * * *
You hit the quokka.
The quokka is severely wounded.
The quokka barely misses you. The quokka bites you.
* * * LOW HITPOINT WARNING * * *
You miss the quokka.
The quokka is severely wounded.
The quokka bites you.
* * * LOW HITPOINT WARNING * * *
You barely miss the quokka.
The quokka is severely wounded.
The quokka bites you.
* * * LOW HITPOINT WARNING * * *
The quokka barely misses you.
You hit the quokka.
You kill the quokka!
You closely miss the goblin. The goblin hits you with a +0 club.
You die...

#.# # #.# #
####.# #
#######....#### #
#...†...#.....#
#.#####....##.#
#.# #..#.##.# #.#
#..#....# #@#
#..#.##.####
####g#
#..#........
..#g#
#...........
#.#.#
###.#######.
#.#.# #.# #.
####...#######.#
#.
#..............#
#.
###.##..#######..
#. ....##..# ..


You could see 2 goblins.

Vanquished Creatures
  An endoplasm (D:1)
  A goblin (D:1)
  2 hobgoblins (D:1)
  A quokka (D:1)
  2 ball pythons (D:1)
  2 frilled lizards (D:1)
  2 rats (D:1)
11 creatures vanquished.

Notes
Turn   | Place    | Note
-------+----------+-------------------------------------------
     0 | D:1      | lordive the Ogre Warper began the quest for the Orb.
     0 | D:1      | Reached XP level 1. HP: 22/22 MP: 3/3
   418 | D:1      | Reached XP level 2. HP: 22/29 MP: 5/5
   508 | D:1      | Reached skill level 3 in Translocations
   590 | D:1      | Slain by a goblin

Illustrated notes

Levels and vault maps discovered:
D:1:      eino_arrival_water_cross, layout_loops_ring, hangedman_glass_garden

Skill      XL: |  1  2 |
---------------+-------+-----
Translocations | 3 |  3.0
Fighting       | |  2.9
Maces & Flails | |  1.9
Throwing       | |  1.0
Dodging        | |  2.1
Stealth        | |  0.2
Spellcasting   | |  2.5

Action                   || total
-------------------------++-------
Melee: Mace              ||    56
Armor: Robe              ||    18
Dodge: Dodged            ||    35

Table legend: (Time is in decaauts)
 A = Elapsed time spent in this place.
 B = Non-inter-level travel time spent in this place.
 C = Inter-level travel time spent in this place.
 D = Time resting spent in this place.
 E = Time spent auto-exploring this place.
 F = Levels seen in this place.
 G = Mean time per level.
                   A        B        C        D        E       F      G
               +--------+--------+--------+--------+--------+-----+--------+
         Total |    607 |    607 |      0 |      0 |    491 |   1 |  607.0 |
       Dungeon |    607 |    607 |      0 |      0 |    491 |   1 |  607.0 |
               +--------+--------+--------+--------+--------+-----+--------+

Top non-repeatable levels by time:
     D:1: 607 daAuts
